 Dungeon Sprint DCSS version 0.28.0-53-g5a82cb258f (webtiles) character file.

Game seed: 11165856115480761309

8436 Atelerd the Warrior (level 11, -2/81 HPs)
             Began as a Gargoyle Berserker on July 17, 2022.
             Was the Champion of Trog.
             Slain by a guardian mummy (10 damage)
             ... in the Dungeon (Sprint V: "Ziggurat Sprint").
             The game lasted 00:05:10 (537 turns).

Atelerd the Warrior (Gargoyle Berserker)             Turns: 537, Time: 00:05:10

Health: -2/81      AC: 41    Str: 36    XL:     11   Next: 30%
Magic:  11/11      EV:  5    Int: 12    God:    Trog [******]
Gold:   0          SH: 24    Dex:  9    Spells: 10/10 levels left

rFire   . . .      SeeInvis +   s - +14 obsidian axe {vorpal, Mesm Drain Fly SInv}
rCold   . . .      Faith    .   u - +18 shield of the Gong {rElec rN+ Will+ EV-5}
rNeg    + + .      Spirit   .   t - +15 Maxwell's patent armour {-Cast -Tele rElec Will+ rCorr}
rPois   ∞          Reflect  .   (no helmet)
rElec   +          Harm     .   (no cloak)
rCorr   +          Rampage  .   D - +0 pair of gloves of Adewn {Int+3}
Will    ++++.      NoTele   +   (no boots)
Stlth   .......... NoCast   +   F - amulet of the acrobat
HPRegen 1.23/turn               n - +6 ring of strength
MPRegen 0.12/turn               o - +6 ring of strength

@: strong-willed, on berserk cooldown, flying, mesmerised, regenerating, slowed,
invisible (expiring), very slow
A: sickness immunity, AC +8, negative energy resistance 1, electricity
resistance, torment resistance 1, petrification resistance
a: Renounce Religion, Berserk, Trog's Hand, Brothers in Arms


You were in the Dungeon.
You worshipped Trog.
Trog was exalted by your worship.
You visited 1 branch

Inventory:

Hand Weapons
 a - a +0 hand axe
 s - the +14 obsidian axe (weapon) {vorpal, Mesm Drain Fly SInv}
   (You found it in the Dungeon)

   It inflicts extra damage upon your enemies.
   It occasionally summons demons to assist the wielder when it strikes in
   combat.
   Its wielder is mesmerised by any visible foes.
   It cannot be unequipped while any foes are visible.
   SInv:      It lets you see invisible.
   Fly:       It grants you flight.
   Drain:     It drains your maximum health when unequipped.
 E - the +5 demon whip "Spellbinder" {antimagic, Will+}
   (You found it in the Dungeon)

   It reduces the magical energy of the wielder, and disrupts the spells and
   magical abilities of those it strikes.
   Natural abilities and divine invocations are not affected.
   It unleashes wild and unpredictable magical effects upon striking a wizard or
   a creature with magical abilities.
   Will:      It increases your willpower.
Armour
 b - a +0 animal skin
 t - the +15 Maxwell's patent armour (worn) {-Cast -Tele rElec Will+ rCorr}
   (You found it in the Dungeon)

   rElec:     It insulates you from electricity.
   -Cast:     It prevents spellcasting.
   -Tele:     It prevents most forms of teleportation.
   rCorr:     It protects you from acid and corrosion.
   Will:      It increases your willpower.
 u - the +18 shield of the Gong (worn) {rElec rN+ Will+ EV-5}
   (You found it in the Dungeon)

   It is deafeningly noisy when blocking attacks.
   EV:        It affects your evasion (-5).
   rElec:     It insulates you from electricity.
   rN:        It protects you from negative energy.
   Will:      It increases your willpower.
 D - the +0 pair of gloves of Adewn (worn) {Int+3}
   (You found it in the Dungeon)

   Int:       It affects your intelligence (+3).
Jewellery
 i - a ring of flight
 j - a +6 ring of dexterity
 k - a +6 ring of dexterity
 l - a +6 ring of intelligence
 m - a +6 ring of intelligence
 n - a +6 ring of strength (left hand)
 o - a +6 ring of strength (right hand)
 B - a ring of positive energy
 F - an amulet of the acrobat (around neck)
 G - a ring of protection from fire
Wands
 p - a wand of mindburst (7)
 q - a wand of iceblast (7)
 r - a wand of acid (7)
Scrolls
 h - 4 scrolls of blinking
 v - 7 scrolls of fog
 w - a scroll of holy word
 x - 5 scrolls of identify
 y - 2 scrolls of fear
Potions
 c - 10 potions of curing
 d - 2 potions of heal wounds
 e - 5 potions of haste
 f - 7 potions of magic
 g - 3 potions of berserk rage
 z - a potion of invisibility
 A - 4 potions of resistance
 C - 5 potions of might


   Skills:
 + Level 15.2 Fighting
 + Level 13.0 Axes
 + Level 15.1 Armour
 + Level 11.8 Dodging


You had 10 spell levels left.
You didn't know any spells.
Your spell library was empty.

Dungeon Overview and Level Annotations

Branches:
Dungeon (1/1)

Altars:
Ashenzari
Cheibriados
Dithmenos
Elyvilon
Fedhas
Gozag
Hepliaklqana
Kikubaaqudgha
Makhleb
Nemelex Xobeh
Okawaru
Qazlal
Ru
Sif Muna
Trog
Uskayaw
Vehumet
Wu Jian
Xom
Yredelemnul
Zin
The Shining One
Beogh
Jiyva
Lugonu

Annotations:
D 1 transporter


Innate Abilities, Weirdness & Mutations

You are immune to sickness and miasma.
Your stone body is resilient. (AC +8)
You are immune to poison.
You resist negative energy. (rN+)
You are resistant to electric shocks. (rElec)
You are resistant to unholy torment.
You are immune to petrification.


Message History

Unknown command.
You slice the royal mummy!!
The royal mummy is severely damaged.
You slash the emperor scorpion!
You kill the emperor scorpion!
The emperor scorpion's corpse disappears in a puff of smoke!
You strike the helpless emperor scorpion from behind!
You hit the emperor scorpion. You slice the mummy!!
You destroy the mummy!
Trog accepts your kill.
You slash the death scarab! You slash the guardian mummy!
Visions of slaying the royal mummy flood into your mind.
You flicker for a moment.
You block the death scarab's attack.
GONNNNG!
You block the death scarab's attack.
BOUMMMMG!
The death scarab bites your hellwing!
The death scarab drains your hellwing's vigour!
Your hellwing seems to slow down.
You block the emperor scorpion's attack.
PTOANNNG!
You block the emperor scorpion's attack.
BONNNG!
The emperor scorpion closely misses you.
Your red devil closely misses the guardian mummy.
The death scarab bites you!
* * * LOW HITPOINT WARNING * * *
Your hellwing barely misses the death scarab.
Your hellwing hits the death scarab. The guardian mummy closely misses you.
You block the emperor scorpion's attack.
GONNNNG!
The emperor scorpion claws you but does no damage.
The emperor scorpion claws you.
* * * LOW HITPOINT WARNING * * *
The royal mummy hits you but does no damage.
The death scarab closely misses your red devil.
Your red devil closely misses the guardian mummy.
The guardian mummy hits you!
You die...

▓.........▓..).)..▓
▓.▓.....▓.▓.▓...▓.▓
▓....©....▓...©...▓
▓▓▓▓▓▓▓▓▓▓▓▓▓▓▓▓▓▓▓
▓...8©8...▓..8©8..▓
▓..)}):|..▓..)})..▓
▓...[BB.B.▓..}|:..▓
▓.BB§s§...▓.......▓
▓..BM@.§..▓.......▓
▓.B.M§4.B.▓.......▓
▓..4......▓...)†..▓
▓.▓.....▓.▓.▓...▓.▓
▓....©....▓...©...▓
▓▓▓▓▓▓▓▓▓▓▓▓▓▓▓▓▓▓▓


You could see a royal mummy (mesmerising), an emperor scorpion (summoned), a
guardian mummy (skewered, ally target), 8 death scarabs, a friendly hellwing
(summoned, slow) and a friendly red devil (summoned).

Vanquished Creatures
  A deep elf elementalist (D)
  A dancing weapon (D)
  A spriggan druid (D)
  An ugly thing (D)
  A cane toad (D)
  A rime drake (D)
  A guardian mummy (D)
  2 hornets (D)
  2 spriggans (D)
  A black bear (D)
  A necrophage (D)
  2 wolves (D)
  A wight (D)
  An iron imp (D)
  An iguana (D)
  A mummy (D)
  3 river rats (D)
  A shadow imp (D)
  A white imp (D)
  A bat zombie (D)
  A jackal (D)
26 creatures vanquished.

Vanquished Creatures (collateral kills)
  A broodmother (D)
  A mummy priest (D)
  2 deep elf pyromancers (D)
  A deep elf zephyrmancer (D)
  An ugly thing (D)
  A cane toad (D)
  A guardian mummy (D)
  A flying skull (D)
  A spriggan (D)
  A water moccasin (D)
  A water moccasin (shapeshifter) (D)
  2 necrophages (D)
  2 wolves (D)
  A phantom (D)
  A bullfrog (D)
  A bullfrog (shapeshifter) (D)
  A mummy (D)
  A ball python skeleton (D)
21 creatures vanquished.

Grand Total: 47 creatures vanquished

Notes
Turn   | Place    | Note
-------+----------+-------------------------------------------
     0 | D        | Atelerd the Gargoyle Berserker began the quest for the Orb.
     0 | D        | Reached XP level 1. HP: 14/14 MP: 1/1
     0 | D        | Found a blossoming altar of Fedhas.
     0 | D        | Found the +6 Majin-Bo {vamp, MP+6 Int+6}
     0 | D        | Found the +9 heavy crossbow "Sniper" {vorpal, Acc+∞ SInv}
     0 | D        | Found the +10 dark maul {vorpal}
     0 | D        | Found the +15 Maxwell's patent armour {-Cast -Tele rElec
                  | Will+ rCorr}
     0 | D        | Found the +18 shield of the Gong {rElec rN+ Will+ EV-5}
     0 | D        | Found the +14 obsidian axe {vorpal, Mesm Drain Fly SInv}
     0 | D        | Found the +7 great mace "Firestarter" {inner flame, rF++}
     0 | D        | Found the +6 shillelagh "Devastator" {shatter}
     0 | D        | Found the +11 plutonium sword {Contam Stlth-}
     0 | D        | Found the +8 lance "Wyrmbane" {slay drac, rPois rF+ rC+
                  | AC+3}
     0 | D        | Found the +9 sword of Zonguldrok {reap}
     0 | D        | Found the +13 scythe of Curses {drain, Drain}
     0 | D        | Found the +5 sword of Power {vorpal}
     0 | D        | Found the +7 mace of Variability {chain chaos}
     0 | D        | Found the +7 Singing Sword {vorpal, sonic wave}
     0 | D        | Found the +8 storm bow {elec, penet}
     1 | D        | Found a transporter.
     1 | D        | Found a viscous altar of Jiyva.
     1 | D        | Found an ancient bone altar of Kikubaaqudgha.
     1 | D        | Found a hazy altar of Hepliaklqana.
     1 | D        | Found a corrupted altar of Lugonu.
     1 | D        | Found an opulent altar of Gozag.
     1 | D        | Found a burning altar of Makhleb.
     3 | D        | Found a sacrificial altar of Ru.
     3 | D        | Found a stormy altar of Qazlal.
     3 | D        | Found a shimmering blue altar of Sif Muna.
     3 | D        | Found an iron altar of Okawaru.
     3 | D        | Found a bloodstained altar of Trog.
     3 | D        | Found a sparkling altar of Nemelex Xobeh.
    51 | D        | Reached skill level 5 in Fighting
    51 | D        | Reached XP level 2. HP: 21/21 MP: 2/2
    64 | D        | Entered arena 2.
    64 | D        | Noticed a wolf
    64 | D        | Noticed a black bear
    64 | D        | Found a transporter.
    67 | D        | Killed a black bear
    67 | D        | Killed a wolf
    68 | D        | Reached skill level 5 in Dodging
    68 | D        | Reached XP level 3. HP: 28/28 MP: 3/3
    68 | D        | Reached XP level 4. HP: 34/34 MP: 4/4
    68 | D        | Reached XP level 5. HP: 38/38 MP: 5/5
    80 | D        | Entered arena 3.
    80 | D        | Found a transporter.
    83 | D        | Reached ** piety under Trog
    89 | D        | Entered arena 4.
    89 | D        | Noticed a green ugly thing
    89 | D        | Noticed a cyan ugly thing
    89 | D        | Found a transporter.
    92 | D        | Noticed a water moccasin
    92 | D        | a worm changed into a water moccasin
    92 | D        | Killed a green ugly thing
    92 | D        | Reached *** piety under Trog
    93 | D        | Reached XP level 6. HP: 46/46 MP: 6/6
    93 | D        | Reached XP level 7. HP: 51/51 MP: 7/7
    94 | D        | Killed a green ugly thing
    95 | D        | Reached skill level 10 in Fighting
    95 | D        | Reached skill level 10 in Armour
    95 | D        | Reached XP level 8. HP: 58/58 MP: 8/8
   105 | D        | Entered arena 5.
   105 | D        | Found a transporter.
   107 | D        | Reached **** piety under Trog
   115 | D        | Got the +0 pair of gloves of Adewn {Int+3}
   122 | D        | Entered arena 6.
   122 | D        | Found the +5 demon whip "Spellbinder" {antimagic, Will+}
   122 | D        | Noticed a +1 scimitar of freezing
   122 | D        | Noticed a deep elf pyromancer
   122 | D        | Noticed a deep elf pyromancer
   122 | D        | Noticed a deep elf elementalist
   122 | D        | Noticed a deep elf zephyrmancer
   122 | D        | Found a transporter.
   125 | D        | Killed a +1 scimitar of freezing
   126 | D        | Reached XP level 9. HP: 64/64 MP: 9/9
   128 | D        | Killed a deep elf elementalist
   128 | D        | Reached ***** piety under Trog
   129 | D        | Reached skill level 10 in Axes
   129 | D        | Killed a deep elf zephyrmancer
   130 | D        | Killed a deep elf pyromancer
   131 | D        | Reached XP level 10. HP: 30/73 MP: 10/10
   132 | D        | Killed a deep elf pyromancer
   133 | D        | Reached skill level 10 in Dodging
   426 | D        | Entered arena 7.
   426 | D        | Noticed a spriggan druid
   426 | D        | Noticed a spriggan rider
   427 | D        | Found a transporter.
   432 | D        | Killed a spriggan druid
   434 | D        | Reached ****** piety under Trog
   436 | D        | Received a gift from Trog
   464 | D        | Entered arena 8.
   464 | D        | Noticed a cane toad
   464 | D        | Noticed a cane toad
   465 | D        | Found a transporter.
   470 | D        | Killed a cane toad
   471 | D        | Killed a cane toad
   471 | D        | Received a gift from Trog
   478 | D        | Entered arena 9.
   480 | D        | Found a transporter.
   485 | D        | Reached XP level 11. HP: 80/80 MP: 11/11
   505 | D        | Entered arena 10.
   505 | D        | Found the +3 robe of Clouds {*Thunder rCloud rElec}
   505 | D        | Noticed a royal mummy
   505 | D        | Noticed a mummy priest
   506 | D        | Noticed a broodmother
   509 | D        | Noticed a death scarab
   509 | D        | Noticed a death scarab
   509 | D        | Found a transporter.
   509 | D        | Noticed an orb spider
   514 | D        | Killed a mummy priest
   514 | D        | Received a gift from Trog
   514 | D        | Killed a broodmother
   515 | D        | Reached skill level 15 in Fighting
   515 | D        | Reached skill level 15 in Armour
   517 | D        | Noticed an emperor scorpion
   517 | D        | Noticed an emperor scorpion
   517 | D        | Noticed an emperor scorpion
   517 | D        | Noticed an emperor scorpion
   518 | D        | Noticed an emperor scorpion
   524 | D        | Noticed a death scarab
   528 | D        | HP: 4/81 [emperor scorpion[a royal mummy] (3)]
   529 | D        | Noticed a death scarab
   529 | D        | Noticed a death scarab
   529 | D        | Noticed a death scarab
   529 | D        | Noticed a death scarab
   532 | D        | Noticed a death scarab
   532 | D        | Noticed a death scarab
   532 | D        | Noticed a death scarab
   535 | D        | Noticed a death scarab
   535 | D        | Noticed a death scarab
   535 | D        | Noticed a death scarab
   535 | D        | Noticed a death scarab
   537 | D        | Slain by a guardian mummy

Illustrated notes

Levels and vault maps discovered:
D:        sprint_v [room_start, room_1, room_2, room_3, room_4, room_5, room_6,
          room_7, room_8, room_9, room_10, room_11, room_12, room_13, room_14,
          room_15, room_16, room_17, room_18, room_19, room_20, room_21,
          room_22, room_23, room_24, room_25, room_26, room_27]

Skill      XL: |  1  2  3  4  5  6  7  8  9 10 11 |
---------------+----------------------------------+-----
Fighting       | 5 7 9 10 11 13 14 15 | 15.2
Axes           | 4 6 7 8 9 11 12 13 | 13.0
Armour         | 4 6 9 10 11 12 14 15 | 15.1
Dodging        | 3 5 6 7 8 9 11 | 11.8

Action                   |  1- 3 |  4- 6 |  7- 9 | 10-12 || total
-------------------------+-------+-------+-------+-------++-------
Melee: Broad axe         |     3 |     4 |    11 |    29 ||    47
Invok: Trog's Hand       |       |       |       |     3 ||     3
       Berserk           |       |       |       |     1 ||     1
       Brothers in Arms  |       |       |       |     1 ||     1
  Use: Potion            |     1 |       |       |    14 ||    15
 Stab: Distracted        |       |       |       |     2 ||     2
       Invisible         |       |       |       |     1 ||     1
Armor: Plate armour      |     4 |     1 |     8 |   180 ||   193
Dodge: Dodged            |       |       |     1 |    45 ||    46
Block: Kite shield       |     7 |     7 |    21 |   141 ||   176
